[ PARTIDA AOE2 · #476376576 ]
UnrankedHunos vs Ethiopians
[ ANÁLISIS DE REPETICIÓN · EXTRAÍDO DE LA PARTIDA GRABADA ]
Feudal
13:54
Castillos
19:13
Imperial
43:47
| APM promedio | 28.7 |
| APM pico | 82 |
| eAPM promedio | 15.3 |
| Aldeanos / militares | 136 / 75 |
Foco
⚔️ 37.0% · 🌾 63.0%
Knight ×71 · Monk ×3 · Battering Ram ×1
Feudal
11:54
Castillos
21:25
Imperial
—
| APM promedio | 28.4 |
| APM pico | 63 |
| eAPM promedio | 14.9 |
| Aldeanos / militares | 144 / 136 |
Foco
⚔️ 29.0% · 🌾 71.0%
Archer ×92 · Skirmisher ×29 · Mangonel ×8 · Spearman ×5 · Monk ×2
Feudal
11:44
Castillos
26:28
Imperial
42:29
| APM promedio | 41.6 |
| APM pico | 92 |
| eAPM promedio | 15.8 |
| Aldeanos / militares | 88 / 126 |
Foco
⚔️ 35.0% · 🌾 65.0%
Archer ×112 · Battering Ram ×7 · Mangonel ×3 · Bombard Cannon ×3 · Spearman ×1
Feudal
10:58
Castillos
20:24
Imperial
39:38
| APM promedio | 33.4 |
| APM pico | 61 |
| eAPM promedio | 16.1 |
| Aldeanos / militares | 91 / 111 |
Foco
⚔️ 24.4% · 🌾 75.6%
Spearman ×73 · Samurai ×26 · Knight ×3 · Militia ×3 · Scout Cavalry ×3 · Trebuchet (Packed) ×3
Feudal
9:43
Castillos
24:24
Imperial
42:42
| APM promedio | 41.5 |
| APM pico | 96 |
| eAPM promedio | 19.3 |
| Aldeanos / militares | 139 / 135 |
Foco
⚔️ 45.2% · 🌾 54.8%
Knight ×120 · Scout Cavalry ×12 · Monk ×2 · Trebuchet (Packed) ×1
Feudal
11:22
Castillos
15:14
Imperial
—
| APM promedio | 34.1 |
| APM pico | 67 |
| eAPM promedio | 18.0 |
| Aldeanos / militares | 128 / 90 |
Foco
⚔️ 31.1% · 🌾 68.9%
Mangudai ×41 · Cavalry Archer ×39 · Monk ×4 · Battering Ram ×3 · Spearman ×2 · Archer ×1
Feudal
9:04
Castillos
20:48
Imperial
—
| APM promedio | 53.8 |
| APM pico | 129 |
| eAPM promedio | 21.5 |
| Aldeanos / militares | 93 / 104 |
Foco
⚔️ 32.4% · 🌾 67.6%
Knight ×89 · Scout Cavalry ×12 · Camel Scout ×2 · Militia ×1
Feudal
9:28
Castillos
23:33
Imperial
33:36
| APM promedio | 57.3 |
| APM pico | 84 |
| eAPM promedio | 26.4 |
| Aldeanos / militares | 157 / 113 |
Foco
⚔️ 31.1% · 🌾 68.9%
Archer ×100 · Trebuchet (Packed) ×9 · Spearman ×3 · Monk ×1
Mapa de la partida
Recursos iniciales + cada clic de construcción. Líneas = muros · curvas = relieve. ◆ oro · ⬟ piedra · ● bayas · ✦ reliquia · ◌ hueco del cierre
Tu base· ✓ Cerrada en 19:13 · 93t muro · 3 puerta(s)
Base de 帝国时代拆火车· Abierta — flanco sin cerrar
Base de AlixVance· ✓ Cerrada en 26:28 · 38t muro · 5 puerta(s)
Base de Echolizer· Abierta — flanco sin cerrar
Base de VkA | Kaizen 改 善· Abierta — flanco sin cerrar
Base de Wololo· Abierta — flanco sin cerrar
Base de VkA | Alphalone-· Abierta — flanco sin cerrar
Base de VkA | LimaoNub· Abierta — hueco de 4t
Terreno inicial suavizado · ◌ = hueco del cierre detectado · pasá el cursor para detalles
Inputs por minuto
— AlbanHX - - 帝国时代拆火车
Build order — AlbanHX
Primeras 150 de 332 acciones detectadas
| 0:03 | Crear | Villager (Male) |
| 0:03 | Crear | Villager (Male) |
| 0:04 | Crear | Villager (Male) |
| 0:04 | Crear | Villager (Male) |
| 1:34 | Crear | Villager (Male) |
| 2:08 | Construir | Lumber Camp |
| 2:10 | Crear | Villager (Male) |
| 2:10 | Crear | Villager (Male) |
| 2:58 | Crear | Villager (Male) |
| 2:58 | Crear | Villager (Male) |
| 2:59 | Crear | Villager (Male) |
| 3:35 | Crear | Villager (Male) |
| 4:20 | Crear | Villager (Male) |
| 4:20 | Crear | Villager (Male) |
| 4:21 | Crear | Villager (Male) |
| 4:21 | Crear | Villager (Male) |
| 4:27 | Construir | Mill |
| 4:56 | Crear | Villager (Male) |
| 5:20 | Construir | Palisade Wall |
| 5:25 | Construir | Palisade Gate |
| 5:31 | Crear | Villager (Male) |
| 5:32 | Crear | Villager (Male) |
| 5:32 | Crear | Villager (Male) |
| 5:32 | Crear | Villager (Male) |
| 6:08 | Construir | Palisade Wall |
| 6:11 | Construir | Palisade Wall |
| 6:25 | Construir | Palisade Wall |
| 7:08 | Crear | Villager (Male) |
| 7:08 | Crear | Villager (Male) |
| 7:19 | Construir | Palisade Gate |
| 7:26 | Construir | Palisade Wall |
| 7:37 | Construir | Barracks |
| 7:46 | Construir | Palisade Wall |
| 7:49 | Crear | Villager (Male) |
| 8:01 | Construir | Palisade Wall |
| 8:07 | Crear | Villager (Male) |
| 8:47 | Crear | Villager (Male) |
| 8:48 | Crear | Villager (Male) |
| 8:55 | Construir | Palisade Wall |
| 9:24 | Construir | Palisade Wall |
| 9:26 | Crear | Villager (Male) |
| 9:55 | Construir | Farm |
| 9:58 | Construir | Farm |
| 10:15 | Construir | Farm |
| 10:29 | Crear | Villager (Male) |
| 10:30 | Crear | Villager (Male) |
| 10:46 | Construir | Palisade Wall |
| 10:50 | Construir | Palisade Wall |
| 10:53 | Construir | Palisade Gate |
| 10:55 | Crear | Villager (Male) |
| 11:06 | Construir | Farm |
| 11:24 | Investigar | Feudal Age |
| 11:29 | Construir | Farm |
| 11:43 | Construir | Farm |
| 11:54 | Construir | Farm |
| 11:57 | Construir | Farm |
| 12:11 | Construir | Farm |
| 12:32 | Construir | Farm |
| 12:34 | Crear | Villager (Male) |
| 12:35 | Crear | Villager (Male) |
| 12:37 | Crear | Villager (Male) |
| 12:43 | Construir | Farm |
| 12:52 | Construir | Farm |
| 13:29 | Crear | Villager (Male) |
| 13:33 | Crear | Villager (Male) |
| 13:54 | Edad | Edad Feudal |
| 13:58 | Construir | Blacksmith |
| 14:04 | Construir | Palisade Wall |
| 14:06 | Construir | Palisade Wall |
| 14:10 | Construir | Palisade Wall |
| 14:16 | Construir | Palisade Wall |
| 14:19 | Construir | Palisade Wall |
| 14:26 | Construir | Palisade Wall |
| 15:24 | Construir | Palisade Wall |
| 15:39 | Construir | Stable |
| 15:51 | Investigar | Loom |
| 15:58 | Construir | Palisade Wall |
| 16:02 | Construir | Palisade Wall |
| 16:33 | Investigar | Castle Age |
| 16:39 | Construir | Palisade Wall |
| 16:45 | Construir | Palisade Wall |
| 17:04 | Investigar | Bloodlines |
| 17:55 | Crear | Villager (Male) |
| 18:13 | Construir | Lumber Camp |
| 18:22 | Investigar | Scale Barding Armor |
| 18:52 | Crear | Villager (Male) |
| 19:13 | Edad | Edad de los Castillos |
| 19:17 | Crear | Knight |
| 19:18 | Crear | Knight |
| 19:31 | Investigar | Chain Barding Armor |
| 19:39 | Investigar | Double-Bit Axe |
| 19:41 | Investigar | Horse Collar |
| 19:44 | Crear | Villager (Male) |
| 20:11 | Crear | Villager (Male) |
| 20:12 | Construir | Farm |
| 20:17 | Crear | Knight |
| 20:23 | Construir | Palisade Gate |
| 20:42 | Crear | Villager (Male) |
| 20:55 | Construir | Farm |
| 20:57 | Crear | Villager (Male) |
| 21:12 | Crear | Knight |
| 21:16 | Construir | Farm |
| 21:39 | Construir | Palisade Wall |
| 21:45 | Construir | Farm |
| 21:52 | Crear | Villager (Male) |
| 22:08 | Crear | Knight |
| 22:08 | Crear | Knight |
| 22:08 | Crear | Knight |
| 22:18 | Crear | Villager (Male) |
| 22:26 | Construir | Farm |
| 22:33 | Crear | Villager (Male) |
| 23:08 | Crear | Villager (Male) |
| 23:10 | Crear | Villager (Male) |
| 23:15 | Construir | Palisade Wall |
| 23:36 | Construir | Stable |
| 23:42 | Crear | Knight |
| 23:43 | Crear | Knight |
| 23:43 | Crear | Knight |
| 23:45 | Crear | Villager (Male) |
| 23:49 | Construir | Farm |
| 24:01 | Crear | Knight |
| 24:14 | Construir | Farm |
| 24:26 | Crear | Villager (Male) |
| 24:26 | Crear | Villager (Male) |
| 24:30 | Construir | Farm |
| 24:44 | Crear | Villager (Male) |
| 25:06 | Construir | Farm |
| 25:34 | Crear | Villager (Male) |
| 25:36 | Construir | Farm |
| 25:37 | Construir | Farm |
| 25:39 | Construir | Farm |
| 25:48 | Crear | Villager (Male) |
| 25:50 | Investigar | Forging |
| 26:04 | Investigar | Husbandry |
| 27:02 | Crear | Knight |
| 27:02 | Crear | Knight |
| 27:02 | Crear | Villager (Male) |
| 27:03 | Crear | Villager (Male) |
| 27:03 | Crear | Villager (Male) |
| 27:05 | Construir | Farm |
| 27:06 | Construir | Farm |
| 27:07 | Construir | Farm |
| 27:19 | Crear | Villager (Male) |
| 27:20 | Crear | Knight |
| 27:20 | Crear | Knight |
| 27:20 | Crear | Knight |
| 27:26 | Construir | Stable |
| 27:42 | Crear | Villager (Male) |
| 28:00 | Crear | Knight |
| 28:01 | Crear | Knight |
Build order — 帝国时代拆火车
Primeras 150 de 373 acciones detectadas
| 0:02 | Crear | Villager (Male) |
| 0:02 | Crear | Villager (Male) |
| 0:02 | Crear | Villager (Male) |
| 0:03 | Crear | Villager (Male) |
| 0:03 | Crear | Villager (Male) |
| 0:06 | Construir | House |
| 0:08 | Construir | House |
| 1:39 | Crear | Villager (Male) |
| 1:40 | Crear | Villager (Male) |
| 2:11 | Crear | Villager (Male) |
| 2:11 | Crear | Villager (Male) |
| 2:11 | Crear | Villager (Male) |
| 3:04 | Crear | Villager (Male) |
| 3:04 | Crear | Villager (Male) |
| 3:04 | Crear | Villager (Male) |
| 3:05 | Crear | Villager (Male) |
| 3:25 | Construir | Mill |
| 3:30 | Crear | Villager (Male) |
| 3:30 | Crear | Villager (Male) |
| 3:47 | Crear | Villager (Male) |
| 3:48 | Crear | Villager (Male) |
| 4:16 | Construir | House |
| 4:34 | Crear | Villager (Male) |
| 5:14 | Crear | Villager (Male) |
| 5:15 | Crear | Villager (Male) |
| 5:15 | Crear | Villager (Male) |
| 5:15 | Crear | Villager (Male) |
| 5:15 | Crear | Villager (Male) |
| 5:16 | Crear | Villager (Male) |
| 5:16 | Crear | Villager (Male) |
| 5:40 | Crear | Villager (Male) |
| 5:40 | Crear | Villager (Male) |
| 5:45 | Construir | House |
| 5:55 | Crear | Villager (Male) |
| 5:55 | Crear | Villager (Male) |
| 6:17 | Crear | Villager (Male) |
| 6:18 | Crear | Villager (Male) |
| 7:02 | Crear | Villager (Male) |
| 7:02 | Crear | Villager (Male) |
| 7:02 | Crear | Villager (Male) |
| 7:29 | Construir | Lumber Camp |
| 7:34 | Crear | Villager (Male) |
| 8:06 | Construir | House |
| 8:56 | Construir | Mining Camp |
| 9:07 | Construir | Palisade Wall |
| 9:28 | Investigar | Feudal Age |
| 9:32 | Construir | House |
| 9:46 | Crear | Villager (Male) |
| 9:47 | Crear | Villager (Male) |
| 10:00 | Construir | Barracks |
| 11:10 | Construir | Palisade Wall |
| 11:34 | Construir | Farm |
| 11:35 | Construir | Farm |
| 11:37 | Construir | Farm |
| 11:39 | Construir | Farm |
| 11:47 | Crear | Villager (Male) |
| 11:47 | Crear | Villager (Male) |
| 11:54 | Edad | Edad Feudal |
| 11:59 | Investigar | Loom |
| 12:29 | Crear | Spearman |
| 12:40 | Crear | Villager (Male) |
| 12:40 | Crear | Villager (Male) |
| 13:13 | Crear | Spearman |
| 13:15 | Crear | Spearman |
| 13:25 | Construir | Archery Range |
| 13:47 | Crear | Villager (Male) |
| 14:02 | Crear | Villager (Male) |
| 14:12 | Construir | Palisade Wall |
| 14:23 | Crear | Villager (Male) |
| 14:29 | Construir | Farm |
| 14:29 | Construir | Farm |
| 14:30 | Construir | Farm |
| 14:31 | Construir | Farm |
| 14:34 | Crear | Archer |
| 14:34 | Crear | Archer |
| 14:34 | Crear | Archer |
| 14:43 | Crear | Spearman |
| 14:52 | Construir | House |
| 15:05 | Crear | Spearman |
| 15:16 | Construir | House |
| 15:35 | Construir | Stone Wall |
| 15:45 | Construir | Stone Wall |
| 15:55 | Construir | Stone Wall |
| 16:16 | Construir | Stone Wall |
| 16:22 | Crear | Villager (Male) |
| 16:22 | Crear | Villager (Male) |
| 16:24 | Crear | Villager (Male) |
| 16:27 | Crear | Archer |
| 16:28 | Crear | Archer |
| 16:28 | Crear | Archer |
| 16:45 | Construir | Blacksmith |
| 16:51 | Crear | Archer |
| 17:46 | Construir | Blacksmith |
| 18:18 | Crear | Skirmisher |
| 18:18 | Crear | Skirmisher |
| 18:45 | Investigar | Castle Age |
| 19:10 | Construir | House |
| 19:28 | Crear | Archer |
| 19:28 | Crear | Archer |
| 19:28 | Crear | Archer |
| 19:43 | Crear | Villager (Male) |
| 19:43 | Crear | Villager (Male) |
| 19:50 | Construir | Watch Tower |
| 20:12 | Construir | Mining Camp |
| 20:47 | Construir | House |
| 20:48 | Construir | House |
| 20:49 | Construir | House |
| 21:00 | Construir | Farm |
| 21:04 | Construir | Farm |
| 21:18 | Construir | Farm |
| 21:22 | Construir | Farm |
| 21:25 | Edad | Edad de los Castillos |
| 21:26 | Construir | Farm |
| 21:28 | Crear | Villager (Male) |
| 21:59 | Crear | Villager (Male) |
| 21:59 | Crear | Villager (Male) |
| 22:11 | Construir | Town Center |
| 22:15 | Crear | Villager (Male) |
| 22:15 | Crear | Villager (Male) |
| 22:35 | Construir | Farm |
| 22:53 | Crear | Villager (Male) |
| 22:57 | Crear | Villager (Male) |
| 23:04 | Investigar | Double-Bit Axe |
| 23:08 | Crear | Villager (Male) |
| 23:15 | Construir | Farm |
| 23:15 | Construir | Farm |
| 23:15 | Construir | Farm |
| 23:15 | Construir | Farm |
| 23:16 | Construir | Farm |
| 23:16 | Construir | Farm |
| 23:23 | Crear | Villager (Male) |
| 23:24 | Crear | Villager (Male) |
| 23:24 | Crear | Villager (Male) |
| 23:35 | Construir | Farm |
| 23:36 | Construir | Farm |
| 23:40 | Crear | Villager (Male) |
| 23:41 | Crear | Villager (Male) |
| 23:42 | Construir | Farm |
| 23:50 | Crear | Villager (Male) |
| 23:51 | Crear | Villager (Male) |
| 24:07 | Crear | Villager (Male) |
| 24:30 | Construir | Archery Range |
| 24:46 | Investigar | Pikeman (upgrade) |
| 25:01 | Construir | Farm |
| 25:07 | Crear | Villager (Male) |
| 25:07 | Crear | Villager (Male) |
| 25:07 | Crear | Villager (Male) |
| 25:08 | Crear | Villager (Male) |
| 25:08 | Crear | Villager (Male) |
| 25:18 | Construir | Farm |
Build order — AlixVance
Primeras 150 de 290 acciones detectadas
| 0:02 | Crear | Villager (Male) |
| 0:02 | Crear | Villager (Male) |
| 0:04 | Construir | House |
| 0:07 | Construir | House |
| 0:17 | Crear | Villager (Male) |
| 0:17 | Crear | Villager (Male) |
| 0:18 | Crear | Villager (Male) |
| 1:25 | Crear | Villager (Male) |
| 1:25 | Crear | Villager (Male) |
| 2:38 | Construir | Lumber Camp |
| 3:00 | Crear | Villager (Male) |
| 3:07 | Crear | Villager (Male) |
| 3:08 | Crear | Villager (Male) |
| 3:52 | Crear | Villager (Male) |
| 3:52 | Crear | Villager (Male) |
| 4:27 | Crear | Villager (Male) |
| 5:42 | Construir | Mill |
| 5:59 | Crear | Villager (Male) |
| 6:00 | Crear | Villager (Male) |
| 6:00 | Crear | Villager (Male) |
| 6:00 | Crear | Villager (Male) |
| 6:01 | Crear | Villager (Male) |
| 6:22 | Crear | Villager (Male) |
| 6:31 | Crear | Villager (Male) |
| 6:51 | Construir | House |
| 6:57 | Construir | House |
| 6:59 | Construir | Palisade Wall |
| 7:04 | Investigar | Loom |
| 7:09 | Crear | Villager (Male) |
| 7:23 | Investigar | Loom |
| 7:36 | Crear | Villager (Male) |
| 7:57 | Crear | Villager (Male) |
| 8:11 | Construir | Palisade Gate |
| 8:52 | Crear | Villager (Male) |
| 8:53 | Crear | Villager (Male) |
| 8:54 | Crear | Villager (Male) |
| 9:34 | Investigar | Feudal Age |
| 9:41 | Construir | Mining Camp |
| 9:50 | Construir | Lumber Camp |
| 9:58 | Construir | Palisade Wall |
| 10:23 | Construir | Palisade Wall |
| 10:55 | Construir | Barracks |
| 11:44 | Edad | Edad Feudal |
| 11:46 | Construir | Mill |
| 12:15 | Crear | Villager (Male) |
| 12:26 | Construir | Archery Range |
| 12:31 | Construir | Archery Range |
| 12:34 | Construir | House |
| 12:39 | Crear | Villager (Male) |
| 12:43 | Crear | Villager (Male) |
| 13:05 | Crear | Spearman |
| 13:36 | Crear | Villager (Male) |
| 13:43 | Crear | Archer |
| 13:43 | Crear | Archer |
| 14:02 | Construir | Blacksmith |
| 14:08 | Construir | Palisade Wall |
| 14:09 | Crear | Villager (Male) |
| 14:10 | Crear | Villager (Male) |
| 14:18 | Investigar | Double-Bit Axe |
| 14:19 | Crear | Archer |
| 14:20 | Crear | Archer |
| 14:32 | Construir | House |
| 14:33 | Construir | House |
| 14:47 | Crear | Archer |
| 14:48 | Crear | Archer |
| 14:51 | Investigar | Fletching |
| 15:07 | Construir | Archery Range |
| 15:15 | Crear | Villager (Male) |
| 15:15 | Crear | Villager (Male) |
| 15:42 | Construir | Farm |
| 16:03 | Crear | Villager (Male) |
| 16:25 | Crear | Archer |
| 16:25 | Crear | Archer |
| 16:28 | Construir | Farm |
| 16:42 | Crear | Archer |
| 16:42 | Crear | Archer |
| 17:09 | Crear | Archer |
| 17:09 | Crear | Archer |
| 17:10 | Crear | Villager (Male) |
| 17:10 | Crear | Villager (Male) |
| 17:13 | Construir | Farm |
| 17:13 | Construir | Farm |
| 17:13 | Construir | Farm |
| 17:14 | Construir | Farm |
| 17:14 | Construir | Farm |
| 17:29 | Construir | House |
| 17:30 | Construir | House |
| 17:31 | Construir | House |
| 17:42 | Crear | Archer |
| 17:42 | Crear | Archer |
| 18:03 | Crear | Archer |
| 18:03 | Crear | Archer |
| 18:21 | Crear | Archer |
| 18:21 | Crear | Archer |
| 18:28 | Crear | Villager (Male) |
| 18:44 | Construir | House |
| 18:45 | Crear | Villager (Male) |
| 18:45 | Crear | Villager (Male) |
| 19:30 | Crear | Villager (Male) |
| 19:30 | Crear | Villager (Male) |
| 19:35 | Construir | Farm |
| 19:35 | Construir | Farm |
| 19:35 | Construir | Farm |
| 19:35 | Construir | Farm |
| 19:36 | Construir | Farm |
| 19:36 | Construir | Farm |
| 20:57 | Crear | Villager (Male) |
| 20:58 | Crear | Villager (Male) |
| 21:44 | Crear | Archer |
| 21:44 | Crear | Archer |
| 21:51 | Construir | Farm |
| 21:51 | Construir | Farm |
| 21:51 | Construir | Farm |
| 21:52 | Construir | Farm |
| 22:04 | Construir | Market |
| 22:17 | Crear | Archer |
| 22:17 | Crear | Archer |
| 22:37 | Investigar | Horse Collar |
| 23:07 | Construir | Palisade Gate |
| 23:12 | Construir | House |
| 23:18 | Construir | Palisade Wall |
| 23:28 | Construir | Lumber Camp |
| 23:48 | Investigar | Castle Age |
| 24:00 | Investigar | Gold Mining |
| 24:06 | Crear | Archer |
| 24:06 | Crear | Archer |
| 24:06 | Crear | Archer |
| 24:11 | Construir | Palisade Gate |
| 24:42 | Crear | Archer |
| 24:42 | Crear | Archer |
| 24:59 | Crear | Archer |
| 25:00 | Crear | Archer |
| 25:00 | Crear | Archer |
| 25:10 | Investigar | Padded Archer Armor |
| 25:27 | Crear | Archer |
| 25:27 | Crear | Archer |
| 25:54 | Construir | Palisade Wall |
| 26:00 | Construir | Palisade Gate |
| 26:02 | Construir | Palisade Gate |
| 26:28 | Edad | Edad de los Castillos |
| 26:34 | Construir | University |
| 26:37 | Investigar | Bodkin Arrow |
| 26:38 | Investigar | Leather Archer Armor |
| 26:56 | Construir | Town Center |
| 27:07 | Crear | Villager (Male) |
| 27:07 | Crear | Villager (Male) |
| 27:08 | Crear | Villager (Male) |
| 27:14 | Construir | House |
| 27:14 | Construir | House |
| 27:15 | Construir | House |
Build order — Echolizer
Primeras 150 de 292 acciones detectadas
| 0:04 | Construir | House |
| 0:06 | Construir | House |
| 0:07 | Crear | Villager (Male) ×4 |
| 0:07 | Crear | Villager (Male) ×4 |
| 1:29 | Crear | Villager (Male) |
| 2:12 | Crear | Villager (Male) |
| 2:29 | Crear | Villager (Male) |
| 3:18 | Construir | House |
| 3:20 | Construir | House |
| 3:23 | Crear | Villager (Male) |
| 3:23 | Crear | Villager (Male) |
| 3:24 | Crear | Villager (Male) |
| 3:44 | Crear | Villager (Male) |
| 4:16 | Crear | Villager (Male) |
| 4:16 | Crear | Villager (Male) |
| 4:54 | Construir | Lumber Camp |
| 4:56 | Crear | Villager (Male) |
| 5:05 | Crear | Villager (Male) |
| 5:52 | Crear | Villager (Male) |
| 6:30 | Crear | Villager (Male) |
| 6:59 | Crear | Villager (Male) |
| 7:15 | Construir | Mill |
| 7:32 | Crear | Villager (Male) |
| 8:04 | Construir | Mining Camp |
| 8:48 | Investigar | Feudal Age |
| 9:34 | Construir | House |
| 9:46 | Construir | Barracks |
| 9:51 | Construir | House |
| 9:53 | Construir | House |
| 10:49 | Crear | Villager (Male) |
| 10:49 | Crear | Villager (Male) |
| 10:50 | Crear | Villager (Male) |
| 10:58 | Edad | Edad Feudal |
| 11:03 | Construir | Market |
| 11:05 | Construir | Blacksmith |
| 11:22 | Investigar | Double-Bit Axe |
| 11:33 | Construir | Stable |
| 12:04 | Crear | Villager (Male) |
| 12:08 | Crear | Villager (Male) |
| 12:21 | Construir | House |
| 12:24 | Construir | House |
| 12:32 | Crear | Scout Cavalry |
| 12:47 | Investigar | Loom |
| 13:27 | Crear | Villager (Male) |
| 13:31 | Investigar | Horse Collar |
| 13:53 | Construir | House |
| 13:54 | Construir | House |
| 14:28 | Construir | Farm |
| 14:29 | Construir | Farm |
| 14:29 | Construir | Farm |
| 14:29 | Construir | Farm |
| 14:30 | Construir | Farm |
| 14:33 | Crear | Villager (Male) |
| 14:33 | Crear | Villager (Male) |
| 14:34 | Crear | Villager (Male) |
| 14:42 | Construir | House |
| 14:46 | Construir | House |
| 15:58 | Crear | Spearman |
| 15:58 | Crear | Spearman |
| 16:25 | Construir | Farm |
| 16:31 | Construir | Farm |
| 16:55 | Crear | Spearman |
| 17:21 | Crear | Spearman |
| 17:44 | Investigar | Castle Age |
| 18:47 | Construir | Mining Camp |
| 19:02 | Construir | Farm |
| 19:02 | Construir | Farm |
| 19:16 | Construir | Mining Camp |
| 19:28 | Crear | Spearman |
| 19:29 | Crear | Spearman |
| 19:53 | Construir | Mining Camp |
| 20:24 | Edad | Edad de los Castillos |
| 20:29 | Crear | Knight |
| 20:29 | Crear | Knight |
| 20:29 | Crear | Knight |
| 20:52 | Crear | Spearman |
| 21:56 | Crear | Scout Cavalry |
| 21:56 | Crear | Scout Cavalry |
| 23:10 | Construir | Town Center |
| 23:17 | Construir | Castle |
| 23:33 | Crear | Villager (Male) |
| 23:34 | Crear | Villager (Male) |
| 23:34 | Crear | Villager (Male) |
| 23:34 | Crear | Villager (Male) |
| 24:11 | Construir | Lumber Camp |
| 25:00 | Crear | Villager (Male) |
| 25:00 | Crear | Villager (Male) |
| 25:07 | Investigar | Squires |
| 25:22 | Crear | Villager (Male) |
| 25:22 | Crear | Villager (Male) |
| 25:22 | Crear | Villager (Male) |
| 25:55 | Crear | Samurai |
| 26:00 | Crear | Samurai |
| 26:08 | Construir | Town Center |
| 26:19 | Crear | Villager (Male) |
| 26:19 | Crear | Villager (Male) |
| 26:26 | Construir | Farm |
| 26:26 | Construir | Farm |
| 26:29 | Construir | Farm |
| 26:32 | Crear | Samurai |
| 27:07 | Crear | Samurai |
| 27:07 | Crear | Samurai |
| 27:16 | Crear | Villager (Male) |
| 27:25 | Crear | Villager (Male) |
| 27:37 | Crear | Villager (Male) |
| 27:37 | Crear | Villager (Male) |
| 27:37 | Crear | Villager (Male) |
| 27:46 | Crear | Villager (Male) |
| 27:53 | Construir | Farm |
| 27:55 | Crear | Villager (Male) |
| 28:07 | Crear | Villager (Male) |
| 28:30 | Crear | Villager (Male) |
| 28:39 | Construir | Farm |
| 28:40 | Crear | Villager (Male) |
| 28:40 | Crear | Villager (Male) |
| 28:49 | Construir | Farm |
| 28:49 | Construir | Farm |
| 28:49 | Construir | Farm |
| 28:53 | Crear | Villager (Male) |
| 29:07 | Construir | Farm |
| 29:08 | Construir | Farm |
| 29:36 | Investigar | Wheelbarrow |
| 29:36 | Investigar | Wheelbarrow |
| 30:11 | Crear | Villager (Male) |
| 30:11 | Crear | Villager (Male) |
| 30:12 | Crear | Villager (Male) |
| 30:16 | Crear | Villager (Male) |
| 30:39 | Construir | Castle |
| 31:17 | Crear | Samurai |
| 31:18 | Crear | Samurai |
| 31:18 | Crear | Samurai |
| 31:21 | Investigar | Forging |
| 31:38 | Investigar | Pikeman (upgrade) |
| 32:02 | Construir | Castle |
| 32:12 | Crear | Samurai |
| 32:14 | Crear | Samurai |
| 32:15 | Crear | Samurai |
| 32:22 | Investigar | Scale Mail Armor |
| 32:24 | Crear | Spearman |
| 32:25 | Crear | Spearman |
| 32:25 | Crear | Spearman |
| 32:30 | Construir | Farm |
| 32:30 | Construir | Farm |
| 32:31 | Construir | Farm |
| 32:46 | Construir | Barracks |
| 32:48 | Construir | Barracks |
| 33:03 | Crear | Villager (Male) |
| 33:03 | Crear | Villager (Male) |
| 33:03 | Crear | Villager (Male) |
| 33:04 | Crear | Villager (Male) |
Build order — VkA | Kaizen 改 善
Primeras 150 de 447 acciones detectadas
| 0:03 | Crear | Villager (Male) |
| 0:03 | Crear | Villager (Male) |
| 0:03 | Crear | Villager (Male) |
| 0:04 | Construir | House |
| 0:06 | Construir | House |
| 0:20 | Crear | Villager (Male) |
| 0:20 | Crear | Villager (Male) |
| 0:20 | Crear | Villager (Male) |
| 1:58 | Crear | Villager (Male) |
| 2:18 | Crear | Villager (Male) |
| 2:42 | Construir | Lumber Camp |
| 2:51 | Crear | Villager (Male) |
| 3:35 | Crear | Villager (Male) |
| 4:04 | Crear | Villager (Male) |
| 4:19 | Construir | House |
| 4:33 | Crear | Villager (Male) |
| 4:49 | Crear | Villager (Male) |
| 5:04 | Crear | Villager (Male) |
| 5:35 | Construir | Mill |
| 5:40 | Crear | Villager (Male) |
| 6:07 | Crear | Villager (Male) |
| 6:38 | Crear | Villager (Male) |
| 6:57 | Investigar | Loom |
| 7:09 | Investigar | Feudal Age |
| 7:42 | Construir | Barracks |
| 7:44 | Construir | House |
| 8:02 | Crear | Villager (Male) |
| 9:43 | Edad | Edad Feudal |
| 9:47 | Construir | Stable |
| 9:49 | Investigar | Double-Bit Axe |
| 9:51 | Investigar | Horse Collar |
| 9:56 | Crear | Villager (Male) |
| 10:23 | Construir | Mill |
| 10:26 | Crear | Villager (Male) |
| 10:28 | Crear | Scout Cavalry |
| 10:31 | Construir | House |
| 10:36 | Crear | Villager (Male) |
| 10:38 | Crear | Scout Cavalry |
| 10:47 | Construir | Farm |
| 10:48 | Construir | Farm |
| 11:04 | Construir | House |
| 11:05 | Crear | Scout Cavalry |
| 11:06 | Crear | Villager (Male) |
| 11:09 | Construir | Farm |
| 11:33 | Crear | Villager (Male) |
| 11:36 | Construir | House |
| 11:39 | Construir | Farm |
| 11:57 | Crear | Villager (Male) |
| 12:00 | Construir | Farm |
| 12:03 | Construir | Farm |
| 12:04 | Crear | Villager (Male) |
| 12:30 | Crear | Villager (Male) |
| 12:32 | Construir | House |
| 12:33 | Crear | Scout Cavalry |
| 12:45 | Construir | Farm |
| 12:47 | Construir | Farm |
| 12:54 | Crear | Scout Cavalry |
| 13:14 | Crear | Villager (Male) |
| 13:18 | Construir | Lumber Camp |
| 13:43 | Crear | Villager (Male) |
| 14:09 | Crear | Villager (Male) |
| 14:12 | Construir | Farm |
| 14:14 | Crear | Villager (Male) |
| 14:27 | Crear | Villager (Male) |
| 14:32 | Construir | House |
| 14:55 | Crear | Scout Cavalry |
| 15:03 | Construir | Farm |
| 15:07 | Crear | Villager (Male) |
| 15:21 | Construir | Blacksmith |
| 15:31 | Crear | Villager (Male) |
| 15:34 | Construir | House |
| 16:06 | Crear | Villager (Male) |
| 16:12 | Construir | Farm |
| 16:12 | Construir | Farm |
| 16:13 | Construir | Farm |
| 16:16 | Crear | Scout Cavalry |
| 16:22 | Investigar | Scale Barding Armor |
| 16:22 | Investigar | Scale Barding Armor |
| 16:24 | Construir | House |
| 16:36 | Crear | Villager (Male) |
| 16:39 | Construir | House |
| 16:41 | Construir | House |
| 17:17 | Crear | Scout Cavalry |
| 17:27 | Construir | Farm |
| 17:27 | Construir | Farm |
| 17:28 | Construir | Farm |
| 17:28 | Construir | Farm |
| 17:33 | Crear | Scout Cavalry |
| 17:34 | Crear | Villager (Male) |
| 17:36 | Construir | House |
| 17:42 | Construir | Palisade Gate |
| 17:49 | Crear | Villager (Male) |
| 17:51 | Construir | House |
| 17:54 | Construir | Mining Camp |
| 18:04 | Crear | Scout Cavalry |
| 18:11 | Crear | Villager (Male) |
| 18:24 | Investigar | Forging |
| 18:24 | Crear | Villager (Male) |
| 18:26 | Construir | House |
| 18:58 | Crear | Villager (Male) |
| 19:09 | Construir | Farm |
| 19:14 | Crear | Scout Cavalry |
| 19:53 | Crear | Scout Cavalry |
| 20:02 | Crear | Villager (Male) |
| 20:04 | Construir | House |
| 20:12 | Crear | Villager (Male) |
| 20:19 | Construir | Market |
| 20:29 | Crear | Villager (Male) |
| 21:14 | Construir | House |
| 21:15 | Construir | Palisade Wall |
| 21:44 | Investigar | Castle Age |
| 21:59 | Investigar | Bloodlines |
| 22:05 | Construir | Stable |
| 22:09 | Construir | Farm |
| 22:17 | Construir | Farm |
| 22:18 | Construir | Farm |
| 22:55 | Investigar | Gold Mining |
| 23:32 | Construir | Farm |
| 23:42 | Construir | Mining Camp |
| 23:48 | Investigar | Wheelbarrow |
| 24:00 | Construir | House |
| 24:07 | Construir | Palisade Wall |
| 24:24 | Edad | Edad de los Castillos |
| 24:26 | Construir | Monastery |
| 24:29 | Investigar | Bow Saw |
| 24:30 | Investigar | Light Cavalry (upgrade) |
| 24:31 | Investigar | Husbandry |
| 24:33 | Crear | Knight |
| 24:33 | Crear | Knight |
| 24:49 | Construir | House |
| 24:50 | Construir | House |
| 24:52 | Crear | Villager (Male) |
| 25:05 | Crear | Knight |
| 25:05 | Crear | Knight |
| 25:11 | Crear | Monk |
| 25:19 | Investigar | Town Watch |
| 25:26 | Construir | Farm |
| 25:46 | Construir | House |
| 25:56 | Crear | Monk |
| 25:58 | Crear | Villager (Male) |
| 26:00 | Investigar | Chain Barding Armor |
| 26:12 | Construir | Town Center |
| 26:15 | Crear | Villager (Male) |
| 26:22 | Crear | Knight |
| 26:22 | Crear | Knight |
| 26:30 | Construir | Palisade Gate |
| 26:33 | Construir | Palisade Wall |
| 26:36 | Crear | Villager (Male) |
| 26:46 | Investigar | Fervor |
| 26:50 | Crear | Knight |
Build order — Wololo
Primeras 150 de 332 acciones detectadas
| 0:01 | Crear | Villager (Male) |
| 0:02 | Crear | Villager (Male) |
| 0:02 | Crear | Villager (Male) |
| 0:02 | Crear | Villager (Male) |
| 0:03 | Construir | House |
| 0:05 | Construir | House |
| 1:48 | Crear | Villager (Male) |
| 2:27 | Construir | Lumber Camp |
| 2:31 | Crear | Villager (Male) |
| 2:31 | Crear | Villager (Male) |
| 2:46 | Crear | Villager (Male) |
| 3:13 | Crear | Villager (Male) |
| 3:14 | Crear | Villager (Male) |
| 3:26 | Crear | Villager (Male) |
| 3:55 | Crear | Villager (Male) |
| 4:26 | Crear | Villager (Male) |
| 4:27 | Crear | Villager (Male) |
| 4:32 | Crear | Villager (Male) |
| 4:37 | Crear | Villager (Male) |
| 4:37 | Crear | Villager (Male) |
| 4:41 | Construir | Mill |
| 4:41 | Crear | Villager (Male) |
| 4:42 | Crear | Villager (Male) |
| 4:42 | Crear | Villager (Male) |
| 5:18 | Construir | House |
| 5:23 | Investigar | Loom |
| 5:27 | Crear | Villager (Male) |
| 5:48 | Crear | Villager (Male) |
| 5:49 | Crear | Villager (Male) |
| 5:58 | Crear | Villager (Male) |
| 6:20 | Crear | Villager (Male) |
| 6:20 | Crear | Villager (Male) |
| 6:23 | Crear | Villager (Male) |
| 6:23 | Crear | Villager (Male) |
| 6:35 | Crear | Villager (Male) |
| 6:52 | Crear | Villager (Male) |
| 7:15 | Construir | Farm |
| 7:22 | Crear | Villager (Male) |
| 7:25 | Construir | House |
| 8:05 | Crear | Villager (Male) |
| 8:52 | Construir | Mining Camp |
| 8:55 | Investigar | Feudal Age |
| 9:01 | Crear | Villager (Male) |
| 9:02 | Crear | Villager (Male) |
| 9:35 | Construir | Farm |
| 9:43 | Construir | Farm |
| 9:47 | Construir | House |
| 11:22 | Edad | Edad Feudal |
| 11:26 | Construir | Market |
| 11:52 | Construir | Blacksmith |
| 12:34 | Investigar | Castle Age |
| 13:00 | Construir | Lumber Camp |
| 13:08 | Crear | Villager (Male) |
| 13:08 | Crear | Villager (Male) |
| 13:22 | Construir | House |
| 13:36 | Construir | Palisade Wall |
| 13:55 | Investigar | Double-Bit Axe |
| 14:05 | Construir | Farm |
| 14:11 | Construir | Farm |
| 14:40 | Construir | Barracks |
| 15:14 | Edad | Edad de los Castillos |
| 15:20 | Investigar | Bow Saw |
| 15:29 | Construir | Archery Range |
| 16:02 | Construir | Archery Range |
| 16:04 | Crear | Villager (Male) |
| 16:09 | Construir | Farm |
| 16:22 | Crear | Cavalry Archer |
| 16:35 | Crear | Villager (Male) |
| 16:45 | Crear | Cavalry Archer |
| 16:49 | Crear | Cavalry Archer |
| 17:00 | Construir | Farm |
| 17:02 | Crear | Villager (Male) |
| 17:29 | Construir | House |
| 17:35 | Investigar | Fletching |
| 17:47 | Construir | Town Center |
| 18:01 | Crear | Villager (Male) |
| 18:01 | Crear | Villager (Male) |
| 18:05 | Construir | House |
| 18:08 | Crear | Cavalry Archer |
| 18:23 | Crear | Cavalry Archer |
| 18:29 | Crear | Villager (Male) |
| 18:53 | Crear | Villager (Male) |
| 18:58 | Crear | Cavalry Archer |
| 18:58 | Crear | Cavalry Archer |
| 19:05 | Crear | Villager (Male) |
| 19:09 | Construir | Mining Camp |
| 19:15 | Crear | Villager (Male) |
| 19:25 | Construir | House |
| 19:40 | Crear | Villager (Male) |
| 19:44 | Construir | Palisade Wall |
| 20:02 | Crear | Cavalry Archer |
| 20:31 | Crear | Villager (Male) |
| 20:41 | Crear | Villager (Male) |
| 20:49 | Crear | Villager (Male) |
| 20:53 | Construir | Farm |
| 21:19 | Crear | Cavalry Archer |
| 21:19 | Crear | Cavalry Archer |
| 21:22 | Crear | Villager (Male) |
| 21:30 | Construir | Farm |
| 21:30 | Construir | Farm |
| 21:30 | Construir | Farm |
| 21:35 | Crear | Cavalry Archer |
| 21:35 | Crear | Cavalry Archer |
| 22:01 | Crear | Villager (Male) |
| 22:11 | Construir | Mining Camp |
| 22:37 | Crear | Villager (Male) |
| 22:53 | Investigar | Bodkin Arrow |
| 22:54 | Crear | Cavalry Archer |
| 23:14 | Crear | Cavalry Archer |
| 23:16 | Crear | Villager (Male) |
| 23:21 | Construir | Farm |
| 23:21 | Construir | Farm |
| 23:21 | Construir | Farm |
| 23:21 | Construir | Farm |
| 23:37 | Construir | Stable |
| 23:40 | Construir | House |
| 23:41 | Construir | House |
| 23:44 | Construir | Farm |
| 23:44 | Construir | Farm |
| 23:49 | Crear | Cavalry Archer |
| 23:49 | Crear | Cavalry Archer |
| 24:07 | Crear | Villager (Male) |
| 24:13 | Construir | Farm |
| 24:13 | Construir | Farm |
| 24:14 | Construir | Farm |
| 24:23 | Crear | Villager (Male) |
| 24:30 | Crear | Cavalry Archer |
| 24:31 | Crear | Cavalry Archer |
| 24:53 | Investigar | Bloodlines |
| 25:11 | Crear | Villager (Male) |
| 25:17 | Construir | Farm |
| 25:31 | Crear | Villager (Male) |
| 25:34 | Construir | House |
| 25:37 | Crear | Cavalry Archer |
| 25:37 | Crear | Cavalry Archer |
| 25:40 | Crear | Villager (Male) |
| 25:52 | Crear | Villager (Male) |
| 25:53 | Crear | Villager (Male) |
| 26:13 | Crear | Villager (Male) |
| 26:13 | Crear | Villager (Male) |
| 26:15 | Crear | Cavalry Archer |
| 26:15 | Crear | Cavalry Archer |
| 26:31 | Construir | University |
| 26:35 | Construir | House |
| 26:35 | Construir | House |
| 26:42 | Crear | Villager (Male) |
| 26:42 | Crear | Villager (Male) |
| 26:57 | Crear | Cavalry Archer |
| 26:57 | Crear | Cavalry Archer |
| 27:07 | Investigar | Husbandry |
Build order — VkA | Alphalone-
Primeras 150 de 337 acciones detectadas
| 0:01 | Crear | Villager (Male) |
| 0:01 | Crear | Villager (Male) |
| 0:01 | Crear | Villager (Male) |
| 0:01 | Crear | Villager (Male) |
| 0:04 | Construir | House |
| 0:06 | Construir | House |
| 0:07 | Crear | Villager (Male) |
| 0:07 | Crear | Villager (Male) |
| 1:18 | Crear | Villager (Male) |
| 1:19 | Crear | Villager (Male) |
| 1:48 | Crear | Villager (Male) |
| 1:48 | Crear | Villager (Male) |
| 1:48 | Crear | Villager (Male) |
| 2:23 | Crear | Villager (Male) |
| 2:42 | Crear | Villager (Male) |
| 2:42 | Crear | Villager (Male) |
| 2:42 | Crear | Villager (Male) |
| 2:46 | Construir | Lumber Camp |
| 3:12 | Crear | Villager (Male) |
| 3:12 | Crear | Villager (Male) |
| 3:12 | Crear | Villager (Male) |
| 3:13 | Crear | Villager (Male) |
| 3:30 | Construir | House |
| 3:37 | Crear | Villager (Male) |
| 3:48 | Crear | Villager (Male) |
| 4:05 | Crear | Villager (Male) |
| 4:31 | Crear | Villager (Male) |
| 4:35 | Construir | House |
| 4:41 | Construir | Mill |
| 5:21 | Crear | Villager (Male) |
| 5:31 | Crear | Villager (Male) |
| 5:55 | Crear | Villager (Male) |
| 5:56 | Crear | Villager (Male) |
| 6:09 | Investigar | Loom |
| 6:19 | Crear | Villager (Male) |
| 6:27 | Crear | Villager (Male) |
| 7:00 | Investigar | Feudal Age |
| 7:47 | Crear | Villager (Male) |
| 8:21 | Construir | Barracks |
| 8:24 | Construir | House |
| 8:36 | Construir | House |
| 8:40 | Crear | Villager (Male) |
| 9:04 | Edad | Edad Feudal |
| 9:18 | Construir | Lumber Camp |
| 9:40 | Construir | Mill |
| 9:49 | Crear | Villager (Male) |
| 10:11 | Crear | Villager (Male) |
| 10:50 | Construir | Stable |
| 11:10 | Crear | Villager (Male) |
| 11:12 | Construir | Farm |
| 11:12 | Construir | Farm |
| 11:12 | Construir | Farm |
| 11:13 | Construir | Farm |
| 11:13 | Construir | Farm |
| 11:16 | Crear | Villager (Male) |
| 11:25 | Crear | Scout Cavalry |
| 11:25 | Crear | Scout Cavalry |
| 11:25 | Crear | Scout Cavalry |
| 11:26 | Crear | Scout Cavalry |
| 11:26 | Crear | Scout Cavalry |
| 11:29 | Crear | Villager (Male) |
| 11:48 | Crear | Villager (Male) |
| 11:51 | Construir | Farm |
| 11:51 | Construir | Farm |
| 11:51 | Construir | Farm |
| 11:51 | Construir | Farm |
| 11:51 | Construir | Farm |
| 11:52 | Construir | Farm |
| 11:52 | Construir | Farm |
| 11:52 | Construir | Farm |
| 12:04 | Crear | Villager (Male) |
| 12:09 | Construir | Farm |
| 12:09 | Construir | Farm |
| 12:09 | Construir | Farm |
| 12:09 | Construir | Farm |
| 12:14 | Crear | Villager (Male) |
| 12:38 | Crear | Villager (Male) |
| 12:45 | Construir | Farm |
| 12:45 | Construir | Farm |
| 12:45 | Construir | Farm |
| 12:46 | Construir | Farm |
| 12:46 | Construir | Farm |
| 12:46 | Construir | Farm |
| 12:48 | Crear | Villager (Male) |
| 13:09 | Crear | Villager (Male) |
| 13:12 | Construir | Farm |
| 13:12 | Construir | Farm |
| 13:13 | Construir | Farm |
| 13:14 | Crear | Villager (Male) |
| 13:38 | Crear | Villager (Male) |
| 13:42 | Construir | Mining Camp |
| 14:15 | Crear | Villager (Male) |
| 14:18 | Construir | House |
| 14:21 | Construir | House |
| 14:37 | Crear | Scout Cavalry |
| 14:37 | Crear | Scout Cavalry |
| 14:37 | Crear | Scout Cavalry |
| 14:59 | Crear | Villager (Male) |
| 15:07 | Construir | Blacksmith |
| 15:40 | Construir | Farm |
| 15:40 | Construir | Farm |
| 15:40 | Construir | Farm |
| 15:40 | Construir | Farm |
| 15:41 | Construir | Farm |
| 15:50 | Construir | House |
| 15:52 | Construir | House |
| 15:55 | Crear | Villager (Male) |
| 16:14 | Crear | Villager (Male) |
| 16:18 | Construir | Farm |
| 16:19 | Construir | Farm |
| 16:19 | Construir | Farm |
| 16:24 | Construir | Palisade Wall |
| 18:00 | Crear | Villager (Male) |
| 18:07 | Investigar | Castle Age |
| 18:16 | Construir | Market |
| 19:17 | Investigar | Bloodlines |
| 19:17 | Crear | Scout Cavalry |
| 19:18 | Crear | Scout Cavalry |
| 19:18 | Crear | Scout Cavalry |
| 19:50 | Construir | Lumber Camp |
| 20:23 | Construir | Palisade Wall |
| 20:25 | Crear | Villager (Male) |
| 20:28 | Investigar | Double-Bit Axe |
| 20:42 | Crear | Villager (Male) |
| 20:48 | Edad | Edad de los Castillos |
| 20:57 | Investigar | Scale Barding Armor |
| 21:51 | Construir | House |
| 21:52 | Construir | House |
| 21:58 | Construir | Palisade Gate |
| 22:59 | Crear | Villager (Male) |
| 23:02 | Crear | Knight |
| 23:02 | Crear | Knight |
| 23:02 | Crear | Knight |
| 23:03 | Investigar | Husbandry |
| 23:13 | Construir | Stable |
| 23:17 | Construir | House |
| 23:21 | Construir | House |
| 23:21 | Construir | House |
| 23:23 | Construir | House |
| 23:58 | Construir | Monastery |
| 24:06 | Crear | Villager (Male) |
| 24:15 | Crear | Villager (Male) |
| 24:18 | Construir | Farm |
| 24:18 | Construir | Farm |
| 24:18 | Construir | Farm |
| 24:19 | Construir | Farm |
| 24:19 | Construir | Farm |
| 24:19 | Construir | Farm |
| 24:19 | Construir | Farm |
| 24:20 | Construir | Farm |
Build order — VkA | LimaoNub
Primeras 150 de 542 acciones detectadas
| 0:01 | Crear | Villager (Male) |
| 0:02 | Crear | Villager (Male) |
| 0:02 | Crear | Villager (Male) |
| 0:03 | Construir | House |
| 0:05 | Construir | House |
| 0:28 | Crear | Villager (Male) |
| 0:28 | Crear | Villager (Male) |
| 1:24 | Construir | House |
| 1:29 | Crear | Villager (Male) |
| 1:30 | Crear | Villager (Male) |
| 1:57 | Construir | Lumber Camp |
| 2:06 | Crear | Villager (Male) |
| 2:27 | Crear | Villager (Male) |
| 2:27 | Crear | Villager (Male) |
| 2:47 | Crear | Villager (Male) |
| 2:47 | Crear | Villager (Male) |
| 3:11 | Crear | Villager (Male) |
| 3:11 | Crear | Villager (Male) |
| 3:33 | Crear | Villager (Male) |
| 3:33 | Crear | Villager (Male) |
| 3:56 | Crear | Villager (Male) |
| 4:21 | Crear | Villager (Male) |
| 4:38 | Crear | Villager (Male) |
| 4:39 | Crear | Villager (Male) |
| 5:07 | Crear | Villager (Male) |
| 5:07 | Crear | Villager (Male) |
| 5:18 | Crear | Villager (Male) |
| 5:51 | Investigar | Loom |
| 5:58 | Construir | Mining Camp |
| 6:07 | Crear | Villager (Male) |
| 6:07 | Investigar | Loom |
| 7:18 | Investigar | Feudal Age |
| 7:31 | Construir | Lumber Camp |
| 7:57 | Construir | Barracks |
| 7:59 | Construir | House |
| 8:00 | Construir | Palisade Wall |
| 9:07 | Construir | Palisade Wall |
| 9:09 | Construir | House |
| 9:28 | Edad | Edad Feudal |
| 9:32 | Construir | Archery Range |
| 9:34 | Investigar | Double-Bit Axe |
| 9:39 | Crear | Villager (Male) |
| 9:39 | Crear | Villager (Male) |
| 10:00 | Crear | Villager (Male) |
| 10:05 | Construir | Archery Range |
| 10:17 | Construir | House |
| 10:22 | Crear | Villager (Male) |
| 10:25 | Crear | Archer |
| 10:35 | Construir | Mill |
| 10:49 | Crear | Villager (Male) |
| 10:50 | Crear | Archer |
| 10:56 | Construir | House |
| 11:01 | Construir | Palisade Wall |
| 11:02 | Construir | Palisade Wall |
| 11:13 | Crear | Archer |
| 11:14 | Crear | Archer |
| 11:27 | Crear | Villager (Male) |
| 11:31 | Construir | Farm |
| 11:36 | Construir | House |
| 11:38 | Construir | Palisade Wall |
| 11:46 | Crear | Archer |
| 11:46 | Crear | Archer |
| 11:55 | Crear | Villager (Male) |
| 11:59 | Construir | Farm |
| 12:08 | Construir | House |
| 12:09 | Construir | Palisade Wall |
| 12:16 | Construir | Farm |
| 12:17 | Construir | Farm |
| 12:21 | Crear | Villager (Male) |
| 12:28 | Construir | House |
| 12:31 | Crear | Archer |
| 12:41 | Crear | Archer |
| 12:42 | Crear | Archer |
| 12:48 | Crear | Villager (Male) |
| 12:50 | Construir | Farm |
| 12:59 | Construir | House |
| 13:02 | Construir | Palisade Wall |
| 13:08 | Crear | Archer |
| 13:08 | Crear | Archer |
| 13:09 | Crear | Archer |
| 13:17 | Crear | Villager (Male) |
| 13:20 | Construir | House |
| 13:22 | Construir | Palisade Wall |
| 13:23 | Construir | Palisade Wall |
| 13:33 | Construir | House |
| 13:35 | Construir | Palisade Wall |
| 13:42 | Crear | Villager (Male) |
| 13:43 | Crear | Archer |
| 13:47 | Construir | Farm |
| 14:02 | Crear | Villager (Male) |
| 14:08 | Crear | Archer |
| 14:09 | Crear | Archer |
| 14:20 | Crear | Villager (Male) |
| 14:33 | Construir | Blacksmith |
| 14:42 | Construir | Farm |
| 14:47 | Crear | Villager (Male) |
| 14:48 | Crear | Archer |
| 14:48 | Crear | Archer |
| 14:57 | Crear | Archer |
| 15:12 | Construir | House |
| 15:14 | Construir | Palisade Wall |
| 15:25 | Crear | Villager (Male) |
| 15:26 | Crear | Archer |
| 15:27 | Crear | Archer |
| 15:27 | Crear | Archer |
| 15:41 | Crear | Villager (Male) |
| 15:44 | Construir | Farm |
| 15:45 | Construir | Farm |
| 15:54 | Crear | Villager (Male) |
| 15:59 | Construir | Farm |
| 16:13 | Crear | Villager (Male) |
| 16:15 | Construir | Farm |
| 16:18 | Construir | Farm |
| 16:37 | Crear | Spearman |
| 16:37 | Crear | Spearman |
| 16:38 | Crear | Spearman |
| 16:47 | Investigar | Fletching |
| 16:56 | Crear | Villager (Male) |
| 17:04 | Construir | Palisade Wall |
| 17:13 | Construir | House |
| 17:20 | Crear | Villager (Male) |
| 17:21 | Construir | Farm |
| 17:22 | Construir | Farm |
| 17:24 | Crear | Archer |
| 17:24 | Crear | Archer |
| 17:24 | Crear | Archer |
| 17:39 | Construir | Palisade Wall |
| 17:40 | Construir | Palisade Wall |
| 17:51 | Construir | Palisade Wall |
| 18:04 | Crear | Villager (Male) |
| 18:09 | Construir | Market |
| 18:17 | Crear | Archer |
| 18:17 | Crear | Archer |
| 18:23 | Crear | Villager (Male) |
| 18:45 | Crear | Villager (Male) |
| 18:46 | Crear | Archer |
| 18:47 | Crear | Archer |
| 18:59 | Construir | Mining Camp |
| 19:04 | Crear | Villager (Male) |
| 19:13 | Crear | Archer |
| 19:13 | Crear | Archer |
| 19:13 | Crear | Archer |
| 19:14 | Crear | Archer |
| 19:19 | Crear | Villager (Male) |
| 19:29 | Construir | Lumber Camp |
| 19:37 | Construir | Farm |
| 20:02 | Crear | Villager (Male) |
| 20:09 | Construir | Mining Camp |
| 20:17 | Construir | Mining Camp |
| 20:31 | Construir | Farm |
Cronología de la partida
| 5:20 | AlbanHX · wall_segment Palisade Wall x5 |
| 6:08 | AlbanHX · wall_segment Palisade Wall x5 |
| 6:11 | AlbanHX · wall_segment Palisade Wall x2 |
| 6:25 | AlbanHX · wall_segment Palisade Wall x1 |
| 6:59 | AlixVance · wall_segment Palisade Wall x1 |
| 7:26 | AlbanHX · wall_segment Palisade Wall x4 |
| 7:37 | AlbanHX · first_building Barracks |
| 7:42 | VkA | Kaizen 改 善 · first_building Barracks |
| 7:46 | AlbanHX · wall_segment Palisade Wall x3 |
| 7:57 | VkA | LimaoNub · first_building Barracks |
| 8:00 | VkA | LimaoNub · wall_segment Palisade Wall x1 |
| 8:01 | AlbanHX · wall_segment Palisade Wall x6 |
| 8:21 | VkA | Alphalone- · first_building Barracks |
| 8:55 | AlbanHX · wall_segment Palisade Wall x4 |
| 9:04 | VkA | Alphalone- · age_up feudal |
| 9:07 | VkA | LimaoNub · wall_segment Palisade Wall x1 |
| 9:07 | 帝国时代拆火车 · wall_segment Palisade Wall x5 |
| 9:24 | AlbanHX · wall_segment Palisade Wall x12 |
| 9:28 | VkA | LimaoNub · age_up feudal |
| 9:32 | VkA | LimaoNub · first_building Archery Range |
| 9:43 | VkA | Kaizen 改 善 · age_up feudal |
| 9:46 | Echolizer · first_building Barracks |
| 9:47 | VkA | Kaizen 改 善 · first_building Stable |
| 9:58 | AlixVance · wall_segment Palisade Wall x17 |
| 10:00 | 帝国时代拆火车 · first_building Barracks |
| 10:23 | AlixVance · wall_segment Palisade Wall x1 |
| 10:46 | AlbanHX · wall_segment Palisade Wall x8 |
| 10:50 | VkA | Alphalone- · first_building Stable |
| 10:50 | AlbanHX · wall_segment Palisade Wall x9 |
| 10:55 | AlixVance · first_building Barracks |
| 10:58 | Echolizer · age_up feudal |
| 11:01 | VkA | LimaoNub · wall_segment Palisade Wall x4 |
| 11:02 | VkA | LimaoNub · wall_segment Palisade Wall x1 |
| 11:10 | 帝国时代拆火车 · wall_segment Palisade Wall x6 |
| 11:22 | Wololo · age_up feudal |
| 11:33 | Echolizer · first_building Stable |
| 11:38 | VkA | LimaoNub · wall_segment Palisade Wall x4 |
| 11:44 | AlixVance · age_up feudal |
| 11:54 | 帝国时代拆火车 · age_up feudal |
| 12:09 | VkA | LimaoNub · wall_segment Palisade Wall x3 |
| 12:26 | AlixVance · first_building Archery Range |
| 13:02 | VkA | LimaoNub · wall_segment Palisade Wall x11 |
| 13:22 | VkA | LimaoNub · wall_segment Palisade Wall x4 |
| 13:23 | VkA | LimaoNub · wall_segment Palisade Wall x5 |
| 13:25 | 帝国时代拆火车 · first_building Archery Range |
| 13:35 | VkA | LimaoNub · wall_segment Palisade Wall x5 |
| 13:36 | Wololo · wall_segment Palisade Wall x1 |
| 13:52 | Wololo · first_market_buy 100 food |
| 13:54 | AlbanHX · age_up feudal |
| 14:04 | AlbanHX · wall_segment Palisade Wall x1 |
| 14:06 | AlbanHX · wall_segment Palisade Wall x1 |
| 14:08 | AlixVance · wall_segment Palisade Wall x1 |
| 14:10 | AlbanHX · wall_segment Palisade Wall x4 |
| 14:12 | 帝国时代拆火车 · wall_segment Palisade Wall x1 |
| 14:16 | AlbanHX · wall_segment Palisade Wall x6 |
| 14:19 | AlbanHX · wall_segment Palisade Wall x8 |
| 14:26 | AlbanHX · wall_segment Palisade Wall x1 |
| 14:40 | Wololo · first_building Barracks |
| 15:14 | Wololo · age_up castle |
| 15:14 | VkA | LimaoNub · wall_segment Palisade Wall x6 |
| 15:24 | AlbanHX · wall_segment Palisade Wall x5 |
| 15:29 | Wololo · first_building Archery Range |
| 15:35 | 帝国时代拆火车 · wall_segment Stone Wall x1 |
| 15:39 | AlbanHX · first_building Stable |
| 15:45 | 帝国时代拆火车 · wall_segment Stone Wall x16 |
| 15:55 | 帝国时代拆火车 · wall_segment Stone Wall x4 |
| 15:58 | AlbanHX · wall_segment Palisade Wall x5 |
| 16:02 | AlbanHX · wall_segment Palisade Wall x2 |
| 16:16 | 帝国时代拆火车 · wall_segment Stone Wall x1 |
| 16:24 | VkA | Alphalone- · wall_segment Palisade Wall x16 |
| 16:39 | AlbanHX · wall_segment Palisade Wall x1 |
| 16:45 | AlbanHX · wall_segment Palisade Wall x1 |
| 16:59 | Echolizer · first_market_sell 100 wood |
| 17:00 | Echolizer · first_market_buy 100 food |
| 17:04 | VkA | LimaoNub · wall_segment Palisade Wall x1 |
| 17:14 | Wololo · first_market_sell 100 stone |
| 17:39 | VkA | LimaoNub · wall_segment Palisade Wall x7 |
| 17:40 | VkA | LimaoNub · wall_segment Palisade Wall x4 |
| 17:51 | VkA | LimaoNub · wall_segment Palisade Wall x4 |
| 19:13 | AlbanHX · age_up castle |
| 19:44 | Wololo · wall_segment Palisade Wall x1 |
| 20:23 | VkA | Alphalone- · wall_segment Palisade Wall x1 |
| 20:24 | Echolizer · age_up castle |
| 20:48 | VkA | Alphalone- · age_up castle |
| 21:06 | VkA | LimaoNub · wall_segment Palisade Wall x4 |
| 21:15 | VkA | Kaizen 改 善 · wall_segment Palisade Wall x3 |
| 21:25 | 帝国时代拆火车 · age_up castle |
| 21:39 | AlbanHX · wall_segment Palisade Wall x1 |
| 23:15 | AlbanHX · wall_segment Palisade Wall x1 |
| 23:17 | Echolizer · first_building Castle |
| 23:18 | AlixVance · wall_segment Palisade Wall x12 |
| 23:33 | VkA | LimaoNub · age_up castle |
| 23:37 | Wololo · first_building Stable |
| 23:41 | AlixVance · first_market_buy 500 food |
| 23:44 | AlixVance · first_market_sell 500 stone |
| 23:58 | VkA | Alphalone- · first_building Monastery |
| 24:07 | VkA | Kaizen 改 善 · wall_segment Palisade Wall x1 |
| 24:24 | VkA | Kaizen 改 善 · age_up castle |
| 24:26 | VkA | Kaizen 改 善 · first_building Monastery |
| 25:54 | AlixVance · wall_segment Palisade Wall x7 |
| 26:28 | AlixVance · age_up castle |
| 26:30 | VkA | LimaoNub · wall_segment Palisade Wall x1 |
| 26:33 | VkA | LimaoNub · wall_segment Palisade Wall x1 |
| 26:33 | VkA | Kaizen 改 善 · wall_segment Palisade Wall x3 |
| 26:35 | VkA | LimaoNub · wall_segment Palisade Wall x1 |
| 26:36 | VkA | LimaoNub · wall_segment Palisade Wall x1 |
| 26:40 | VkA | LimaoNub · wall_segment Palisade Wall x1 |
| 27:40 | 帝国时代拆火车 · first_building Monastery |
| 27:59 | VkA | Alphalone- · first_market_buy 100 wood |
| 29:33 | VkA | LimaoNub · first_building Monastery |
| 29:47 | Wololo · first_building Castle |
| 30:26 | Wololo · first_building Monastery |
| 31:38 | AlixVance · first_building Siege Workshop |
| 31:51 | AlbanHX · wall_segment Palisade Wall x1 |
| 31:52 | AlbanHX · wall_segment Palisade Wall x1 |
| 31:56 | VkA | Kaizen 改 善 · first_market_buy 100 wood |
| 33:36 | VkA | LimaoNub · age_up imperial |
| 33:39 | 帝国时代拆火车 · first_building Siege Workshop |
| 33:48 | VkA | Alphalone- · first_market_sell 100 wood |
| 35:01 | VkA | LimaoNub · first_building Castle |
| 36:56 | VkA | LimaoNub · first_market_buy 100 food |
| 37:08 | AlbanHX · first_building Monastery |
| 38:11 | Wololo · wall_segment Palisade Wall x1 |
| 38:16 | Wololo · wall_segment Palisade Wall x5 |
| 38:19 | Wololo · wall_segment Palisade Wall x6 |
| 38:21 | Wololo · wall_segment Palisade Wall x7 |
| 38:24 | Wololo · wall_segment Palisade Wall x6 |
| 38:28 | Wololo · wall_segment Palisade Wall x4 |
| 39:38 | Echolizer · age_up imperial |
| 40:25 | AlbanHX · first_market_sell 500 wood |
| 40:28 | VkA | Kaizen 改 善 · first_building Castle |
| 41:02 | Wololo · wall_segment Stone Wall x11 |
| 41:02 | VkA | LimaoNub · first_market_sell 100 food |
| 41:17 | Wololo · first_building Siege Workshop |
| 41:37 | Wololo · wall_segment Stone Wall x9 |
| 42:04 | AlbanHX · first_building Siege Workshop |
| 42:29 | AlixVance · age_up imperial |
| 42:42 | VkA | Kaizen 改 善 · age_up imperial |
| 43:47 | AlbanHX · age_up imperial |
| 44:34 | VkA | Kaizen 改 善 · first_market_sell 100 stone |
| 46:26 | Wololo · resign |
| 46:45 | VkA | Alphalone- · first_building Castle |
[ ANÁLISIS IA · 1 CRÉDITO ]
¿Qué pasó realmente en esta partida?
Wolo.gg analiza cada decisión: build order, eco, micro, errores típicos por bracket. Análisis personalizado por WhatsApp o Discord en 30 segundos.
Guía civ
Hunos
Perfil
AlbanHX